 Dungeon Crawl Stone Soup version 0.31.0-11-ge490571c62 (webtiles) character file.

Game seed: 14479622669494650008

37354 nightchill the Severer (level 13, -1/122 (127) HPs)
             Began as a Minotaur Fighter on Feb 4, 2024.
             Was a High Priest of Zin.
             Slain by a two-headed ogre
             ... wielding a +0 giant club
              (20 damage)
             ... on level 2 of the Orcish Mines.
             The game lasted 00:48:31 (14545 turns).

nightchill the Severer (Minotaur Fighter)          Turns: 14545, Time: 00:48:31

HP:   -1/122 (127)  AC: 11    Str: 26    XL:     13   Next: 57%
MP:   20/20         EV:  8    Int:  5    God:    Zin [*****.]
Gold: 732           SH: 11    Dex: 10    Spells: 12/12 levels left

rFire   + . .        a - +2 war axe (flame)
rCold   + . .        d - +0 kite shield
rNeg    . . .        K - +0 chain mail {rC+}
rPois   .            (helmet restricted)
rElec   .            (no cloak)
rCorr   .            l - +0 pair of gloves
SInv    +            m - +0 pair of boots
Will    +....        p - amulet of regeneration Stlth
                     i - ring of protection from fire
HPRegen 1.20/turn    w - ring of Kiopsuxt {Will+ SInv}
MPRegen 0.17/turn

%: no passive effects
@: about to teleport, lightly drained
A: horns 2, retaliatory headbutt
a: Renounce Religion, Recite, Vitalisation, Imprison, Sanctuary, Donate Gold


You were on level 2 of the Orcish Mines.
You worshipped Zin.
Zin was extremely pleased with you.
You visited 4 branches of the dungeon, and saw 18 of its levels.
You also visited: Gauntlet.

You collected 1333 gold pieces.
You spent 468 gold pieces at shops.
You donated 133 gold pieces to Zin.

Inventory:

Hand Weapons
 a - a +2 war axe of flaming (weapon)
 b - the +7 hand axe of Invincibility {venom, Int+2}
   (You found it on level 2 of the Dungeon)

   Int+2:     It affects your intelligence (+2).
 c - a +0 morningstar
Missiles
 o - 20 poisoned darts
 u - 2 throwing nets
 A - 7 curare-tipped darts (quivered)
Armour
 d - a +0 kite shield (worn)
 l - a +0 pair of gloves (worn)
 m - a +0 pair of boots (worn)
 K - a +0 chain mail of cold resistance (worn)
 O - a +2 scale mail of willpower
Jewellery
 i - a ring of protection from fire (left hand)
 p - an amulet of regeneration (around neck)
 w - the ring of Kiopsuxt (right hand) {Will+ SInv}
   (You found it on level 7 of the Dungeon)

   [ring of see invisible]

   Will+:     It increases your willpower.
   SInv:      It lets you see invisible.
 B - an amulet of the acrobat
 E - an amulet of faith
 G - a ring of ice
 N - a ring of flight
Wands
 y - a wand of flame (57)
 J - a wand of paralysis (10)
Scrolls
 e - 2 scrolls of noise
 f - 2 scrolls of silence
 g - a scroll of amnesia
 j - a scroll of enchant armour {unknown}
 q - a scroll of revelation
 r - 6 scrolls of teleportation
 s - a scroll of fear {unknown}
 x - a scroll of fog {unknown}
 z - a scroll of acquirement {unknown}
 H - a scroll of poison
 M - a scroll of immolation {unknown}
Potions
 k - 10 potions of curing
 n - a potion of heal wounds
 t - a potion of enlightenment {unknown}
 C - a potion of ambrosia
 D - a potion of lignification {unknown}
 F - 2 potions of mutation
 L - a potion of experience {unknown}


   Skills:
 + Level 15.5 Fighting
 - Level 16.0 Axes
 - Level 3.6 Armour
 * Level 11.7 Shields
 * Level 11.7 Invocations


You had 12 spell levels left.
You didn't know any spells.
Your spell library contained the following spells:

 Spells                   Type           Power      Damage    Failure   Level
 Freeze                   Ice            0%         1d3       99%         1
 Mercury Vapours          Alch/Air       0%         N/A       99%         2
 Dazzling Flash           Conj/Hex       0%         N/A       100%        3
 Frozen Ramparts          Ice            0%         1d1       100%        3
 Hailstorm                Conj/Ice       0%         3d5       100%        3
 Mephitic Cloud           Conj/Alch/Air  0%         N/A       100%        3
 Tukima's Dance           Hex            0%         N/A       100%        3
 Volatile Blastmotes      Fire/Tloc      0%         2d10      100%        3
 Leda's Liquefaction      Alch/Erth      0%         N/A       100%        4
 Passage of Golubria      Tloc           0%         N/A       100%        4
 Petrify                  Alch/Erth      0%         N/A       100%        4
 Freezing Cloud           Conj/Ice/Air   0%         6-21      100%        5
 Metabolic Englaciation   Hex/Ice        0%         N/A       100%        5
 Yara's Violent Unravell  Hex/Alch       0%         3d3       100%        5
 Starburst                Conj/Fire      0%         6d3       100%        6
 Haunt                    Necr/Summ      0%         N/A       100%        7
 Borgnjor's Revivificati  Necr           0%         N/A       100%        8
 Maxwell's Capacitive Co  Air            0%         ∞         100%        8
 Death's Door             Necr           0%         N/A       100%        9


Dungeon Overview and Level Annotations

Branches:
Dungeon (12/15)            Temple (1/1) D:4            Lair (3/5) D:11
    Orc (2/2) D:12            Elf (0/3) Orc:2       Gauntlet (visited)
  Swamp: Lair:2-3    Shoals: Lair:2-3     Snake: Lair:2-3    Spider: Lair:2-3

Altars:
Ashenzari
Cheibriados
Dithmenos
Elyvilon
Fedhas
Gozag
Hepliaklqana
Kikubaaqudgha
Makhleb
Nemelex Xobeh
Okawaru
Qazlal
Ru
Sif Muna
Trog
Uskayaw
Vehumet
Wu Jian
Xom
Yredelemnul
Zin
The Shining One

Shops:
D:11 ?   Orc:1 !   Orc:2 !

Annotations:
D:6 !cyan ugly , exclusions: two-headed ogre, ugly thing and 1 more exclusion
D:10 exclusion: downstairs
D:12 1 runed translucent door, exclusion: orange crystal statue
Lair:1 exclusion: downstairs
Lair:2 1 runed translucent door, exclusion: downstairs
Orc:1 exclusion: 2 downstairs
Orc:2 exclusion: 3 doors


Innate Abilities, Weirdness & Mutations

You have a pair of horns on your head.
You reflexively headbutt those who attack you in melee.


Message History

a +0 glaive; a +0 plate armour; an orc corpse The orc high priest mumbles some strange prayers to Beogh.
The orc sorcerer shouts, "You are history!"
There is an open door, spattered with blood here.
The orc high priest prays.
You close the door.
Something unseen opens the door.
The orc high priest prays to Beogh.
You are too injured to fight recklessly!
You are too injured to fight recklessly!
You are too injured to fight recklessly!
The neqoxec shouts!
You block the two-headed ogre's attack. The two-headed ogre barely misses you.
You hit the two-headed ogre. You burn the two-headed ogre.
The two-headed ogre is lightly wounded.
The two-headed ogre hits you with a +0 giant club!
* * * LOW HITPOINT WARNING * * *
The two-headed ogre closely misses you.
You slash the two-headed ogre! You burn the two-headed ogre.
The two-headed ogre is moderately wounded.
You hit the two-headed ogre. You burn the two-headed ogre.
The two-headed ogre is moderately wounded.
The orc sorcerer falters for a moment.
You closely miss the two-headed ogre. You slash the two-headed ogre!
You burn the two-headed ogre.
The two-headed ogre hits you with a +0 giant club!!
* * * LOW HITPOINT WARNING * * *
You block the two-headed ogre's attack.
You slice the two-headed ogre!! You burn the two-headed ogre.
The two-headed ogre is moderately wounded.
You hit the two-headed ogre. You burn the two-headed ogre.
The two-headed ogre barely misses you.
The two-headed ogre hits you with a +0 giant club!
* * * LOW HITPOINT WARNING * * *
As you read the scroll of teleportation, it crumbles to dust.
You feel strangely unstable. The smoke demon gestures at you.
Something smites you!
* * * LOW HITPOINT WARNING * * *
The two-headed ogre hits you with a +0 giant club!!
You die...

#...##.#####..#####..
###........####..,...
##.##..............
#..##.............#
#..###.........,,** #.##
##...###..,*** ##### #''#
#######******
#..)###..#####*...## *,,,
#..)'...@#...#.....#**,,,
#..))...OOoO34.....+,+,,*
#∩..######3..#.....#**,,,
##### #####*...## *,,,
**,..#* **** *,,,..# *,,,
*,,,,.# *,,, *∩,,,∩# ****
**,_,**


You could see 3 two-headed ogres, a smoke demon (summoned), a neqoxec
(summoned), an orc sorcerer (magic disrupted) and a chaos spawn (summoned).

Vanquished Creatures
  Saint Roka (Orc:2)
  Rupert (Orc:2)
  Azrael (Orc:2)
  Snorg (D:12)
  An ogre mage (D:11)
  7 two-headed ogres
  2 skysharks (Lair:2)
  3 orc knights
  An orc sorcerer (Orc:2)
  A cyclops (D:11)
  A manticore (D:12)
  A kobold blastminer (Orc:2)
  7 elephants
  2 black mambas
  2 cane toads
  6 komodo dragons
  2 rime drakes (Lair:2)
  4 trolls
  A polar bear (Lair:2)
  9 saltlings (Orc:2)
  3 slime creatures (D:12)
  13 blink frogs
  Sigmund (D:2)
  2 wraiths (D:10)
  2 shadows
  5 wyverns
  4 fire elementals (Orc:2)
  13 yaks
  2 basilisks
  A warg (Orc:1)
  Menkaure (D:6)
  4 acid dragons
  2 hell hounds (Orc:2)
  Duvessa (D:6)
  8 water moccasins
  15 orc warriors
  A sky beast (D:8)
  4 black bears
  4 ice beasts
  8 ogres
  5 wolves (Lair:2)
  3 centaurs
  Blork the orc (D:4)
  A kobold brigand (D:9)
  9 bullfrogs
  3 scorpions
  Dowan (D:6)
  11 killer bees
  An electric eel (Lair:2)
  4 howler monkeys
  A crimson imp (D:9)
  A bombardier beetle (D:5)
  3 jellies (D:6)
  A gnoll bouda (D:7)
  17 orc priests
  Jessica (D:3)
  3 iguanas
  Natasha (thrice) (D:3)
  18 orc wizards
  26 gnolls
  7 adders
  A shadow imp (D:8)
  A white imp (D:7)
  2 ribbon worms (D:2)
  A dart slug (D:2)
  46 orcs
  5 bats
  3 endoplasms
  5 giant cockroaches
  5 goblins
  7 hobgoblins
  3 jackals (D:4)
  11 kobolds
  4 quokkas
  6 ball pythons
  A frilled lizard (D:1)
  7 rats
  2 butterflies
378 creatures vanquished.

Vanquished Creatures (others)
  An orc (Orc:2)
1 creature vanquished.

Grand Total: 379 creatures vanquished

Notes
Turn   | Place    | Note
-------+----------+-------------------------------------------
     0 | D:1      | nightchill the Minotaur Fighter began the quest for the
                  | Orb.
     0 | D:1      | Reached XP level 1. HP: 19/19 MP: 0/0
   184 | D:1      | Reached skill level 3 in Axes
   200 | D:1      | Reached XP level 2. HP: 27/27 MP: 1/1
   733 | D:1      | Reached XP level 3. HP: 31/33 MP: 2/2
  1144 | D:2      | Found a bloodstained altar of Trog.
  1158 | D:2      | Reached skill level 4 in Axes
  1182 | D:2      | Identified the +7 hand axe of Invincibility {venom, Int+2}
  1191 | D:2      | Noticed Sigmund
  1199 | D:2      | Killed Sigmund
  1200 | D:2      | Reached skill level 5 in Fighting
  1200 | D:2      | Reached skill level 5 in Axes
  1200 | D:2      | Reached XP level 4. HP: 42/42 MP: 3/3
  1200 | D:2      | Reached XP level 5. HP: 48/48 MP: 4/4
  1471 | D:2      | Found a faded altar of an unknown god.
  1618 | D:2      | Reached skill level 6 in Axes
  1719 | D:3      | Reached XP level 6. HP: 47/56 MP: 5/5
  1724 | D:3      | Noticed Jessica
  1731 | D:3      | Killed Jessica
  1853 | D:3      | Noticed Natasha
  1857 | D:3      | Killed Natasha
  2087 | D:3      | Noticed Natasha
  2093 | D:3      | Killed Natasha
  2122 | D:3      | Noticed Natasha
  2127 | D:3      | Killed Natasha
  2128 | D:3      | Reached skill level 7 in Axes
  2406 | D:4      | Found a staircase to the Ecumenical Temple.
  2419 | Temple   | Entered the Ecumenical Temple
  2436 | Temple   | Became a worshipper of Zin the Law-Giver
  2436 | Temple   | Reached * piety under Zin
  2529 | D:4      | Reached XP level 7. HP: 63/63 MP: 6/6
  2569 | D:4      | Noticed Blork the orc
  2576 | D:4      | Killed Blork the orc
  2664 | D:4      | Reached skill level 8 in Axes
  3015 | D:4      | Reached ** piety under Zin
  3356 | D:5      | Entered Level 5 of the Dungeon
  3621 | D:5      | Reached skill level 9 in Axes
  3854 | D:5      | Reached XP level 8. HP: 73/73 MP: 7/7
  4219 | D:6      | Noticed Dowan
  4220 | D:6      | Noticed Duvessa
  4236 | D:6      | Killed Dowan
  4242 | D:6      | Killed Duvessa
  4243 | D:6      | Reached skill level 10 in Axes
  4272 | D:6      | Noticed Menkaure
  4290 | D:6      | Killed Menkaure
  4347 | D:6      | Reached skill level 11 in Axes
  4563 | D:6      | Noticed a cyan ugly thing
  4564 | D:6      | Noticed a two-headed ogre
  4716 | D:6      | Reached *** piety under Zin
  4742 | D:6      | Reached XP level 9. HP: 83/83 MP: 8/8
  4818 | D:7      | Identified the ring of Kiopsuxt {Will+ SInv}
  4895 | D:7      | Reached skill level 12 in Axes
  5024 | D:7      | Identified the beast talisman of Hadjma {rPois rN+ Dex+3}
  5158 | D:7      | Found a broken altar of Ashenzari.
  5622 | D:8      | Reached skill level 10 in Fighting
  5671 | D:8      | Noticed a two-headed ogre
  5672 | D:8      | Reached skill level 13 in Axes
  5682 | D:8      | Killed a two-headed ogre
  5746 | D:8      | Reached XP level 10. HP: 82/94 MP: 9/9
  5748 | D:8      | Reached skill level 14 in Axes
  6068 | D:8      | Identified the +0 ring mail "Anum" {Str+6}
  6189 | D:8      | Found a faded altar of an unknown god.
  6189 | D:8      | Found an opulent altar of Gozag.
  6195 | D:8      | Found a basalt altar of Yredelemnul.
  6197 | D:8      | Found a faded altar of an unknown god.
  6198 | D:8      | Found an ancient bone altar of Kikubaaqudgha.
  6319 | D:9      | Reached skill level 1 in Invocations
  6748 | D:9      | Found a burning altar of Makhleb.
  6749 | D:9      | Found a shimmering altar of Xom.
  6751 | D:9      | Paralysed by a crimson imp for 1 turns
  7146 | D:10     | Entered Level 10 of the Dungeon
  7539 | D:11     | Reached **** piety under Zin
  7620 | D:11     | Reached skill level 5 in Shields
  7642 | D:11     | Reached skill level 5 in Invocations
  7656 | D:11     | Found a staircase to the Lair.
  7661 | D:11     | Noticed a two-headed ogre
  7681 | D:11     | Killed a two-headed ogre
  7750 | D:11     | Noticed a two-headed ogre
  7751 | D:11     | Noticed an ogre mage
  7788 | D:11     | Killed an ogre mage
  7789 | D:11     | Reached XP level 11. HP: 100/104 MP: 14/14
  7791 | D:11     | Killed a two-headed ogre
  7799 | D:11     | Noticed a two-headed ogre
  7799 | D:11     | Noticed a two-headed ogre
  7813 | D:10     | Killed a two-headed ogre
  7948 | Lair:1   | Entered Level 1 of the Lair of Beasts
  8192 | Lair:1   | Found a gate leading to a gauntlet.
  8219 | Gauntlet | Entered a Gauntlet
  8219 | Gauntlet | Found a transporter.
  8227 | Gauntlet | Found a transporter.
  8227 | Gauntlet | Noticed a fire crab
  8229 | Gauntlet | Found a transporter.
  8231 | Gauntlet | Found a transporter.
  8246 | Gauntlet | Found a transporter.
  8261 | Gauntlet | Found a transporter.
  8269 | Gauntlet | Found a transporter.
  8284 | Gauntlet | Found a transporter.
  8303 | Gauntlet | Found a transporter.
  8315 | Gauntlet | Found a transporter.
  8326 | Gauntlet | Noticed a ghost crab
  8327 | Gauntlet | Found a transporter.
  8564 | Lair:1   | Reached ***** piety under Zin
  9473 | Lair:2   | Reached XP level 12. HP: 111/115 MP: 18/18
  9529 | Lair:2   | HP: 4/115 [skyshark (19)]
  9546 | Lair:2   | Reached skill level 10 in Invocations
 10196 | Lair:2   | Zin protects you from harm!
 10533 | Lair:2   | Reached skill level 15 in Axes
 10587 | Lair:2   | Found a runed translucent door.
 11065 | Lair:3   | Noticed a five-headed hydra
 11197 | D:11     | Noticed a two-headed ogre
 11206 | D:11     | Killed a two-headed ogre
 11336 | D:11     | Found Muopri's Magic Scroll Emporium.
 11341 | D:11     | Bought a scroll of teleportation for 36 gold pieces
 11343 | D:11     | Bought a scroll of enchant weapon for 90 gold pieces
 11568 | D:11     | Killed a two-headed ogre
 11711 | D:12     | Noticed Snorg
 11728 | D:12     | HP: 1/118 [Snorg (10)]
 11731 | D:12     | Killed Snorg
 11732 | D:12     | Reached skill level 16 in Axes
 12065 | D:12     | Found a staircase to the Orcish Mines.
 12363 | D:12     | Found a runed translucent door.
 12449 | Orc:1    | Entered Level 1 of the Orcish Mines
 12667 | Orc:1    | Found Cytiock's Distillery.
 12703 | Orc:1    | Bought a potion of haste for 140 gold pieces
 12703 | Orc:1    | Bought 2 potions of might for 112 gold pieces
 12755 | Orc:1    | Reached XP level 13. HP: 125/125 MP: 19/19
 13044 | Orc:2    | Entered Level 2 of the Orcish Mines
 13151 | D:11     | Bought a scroll of revelation for 90 gold pieces
 13191 | Orc:2    | Noticed Rupert
 13334 | Orc:2    | Reached skill level 10 in Shields
 13334 | Orc:2    | Killed Rupert
 13335 | Orc:2    | Reached skill level 15 in Fighting
 13578 | Orc:2    | Noticed Azrael
 13679 | Orc:2    | Killed Azrael
 13849 | Orc:2    | Noticed Saint Roka
 13931 | Orc:2    | Killed Saint Roka
 14135 | Orc:2    | Found a staircase to the Elven Halls.
 14407 | Orc:2    | Found Oxirakhy's Distillery.
 14545 | Orc:2    | Slain by a two-headed ogre

Illustrated notes

Levels and vault maps discovered:
D:1:      wander_arrival_fairy_ring, layout_basic
D:2:      layout_loops_cross, basic_altar,
          shapermc_ecumenical_altar_mp_urbaneastern, uniq_sigmund
D:3:      layout_loops_ring, kennysheep_generic_room_8, uniq_natasha,
          uniq_jessica
D:4:      layout_loops_ring, minmay_temple_entry_butterflies, uniq_blork_the_orc
D:5:      layout_basic, serial_bayou_ford_a
D:6:      minmay_general_purpose_star, layout_cave_pools, minmay_small_thing,
          uniq_menkaure, uniq_duvessa
D:7:      layout_rooms, lemuel_doored_altar, grunt_ministairs_1
D:8:      layout_cave_pods, chequers_temple_overflow_minitemple,
          minmay_misc_feat_columns
D:9:      layout_long_grid, grunt_temple_overflow_champion_of_chaos
D:10:     layout_cave_pools, due_unseen_surprise
D:11:     layout_loops_ring, minmay_lair_entry_grove, serial_shops, shop
D:12:     layout_long_grid, orc_0_dummy, minmay_crystal_box, uniq_snorg
Temple:   eino_temple_rhombus
Lair:1:   layout_layer_cave, gauntlet_entry_generic
Lair:2:   gammafunk_lair_enchanted_lake, layout_gridlike,
          chequers_serial_rivers_large_b
Lair:3:   nzn_winding_woodlands_small [nzn_winding_woodlands_5x15_pool,
          nzn_winding_woodlands_center_pierced_h,
          nzn_winding_woodlands_5x15_garden], layout_cave_shapes,
          palyth_hydra_swamp_entry, nicolae_spider_entry_lesser_pyramids
Orc:1:    layout_caves, serial_shops, nicolae_shop_tiny_waterfront,
          nicolae_orc_lost_temple
Orc:2:    hellmonk_orc_salted, layout_diamond_mine, nicolae_orc_seminary,
          uniq_saint_roka, uniq_rupert, uniq_azrael

Skill      XL: |  1  2  3  4  5  6  7  8  9 10 11 12 13 |
---------------+----------------------------------------+-----
Axes           | 3 5 6 7 9 11 13 14 16 | 16.0
Fighting       | 4 5 6 7 9 10 12 13 14 15 | 15.5
Invocations    | 6 9 10 11 | 11.7
Shields        | 6 8 9 11 | 11.7
Armour         | |  3.6

Action                     |  1- 3 |  4- 6 |  7- 9 | 10-12 | 13-15 || total
---------------------------+-------+-------+-------+-------+-------++-------
  Melee: War axe           |    69 |       |       |   195 |   190 ||   454
         Headbutt          |     8 |    13 |    37 |   130 |    41 ||   229
         Hand axe          |     2 |    65 |   212 |   319 |       ||   598
  Throw: Dart              |       |       |       |     3 |     2 ||     5
 Invoke: Recite            |       |     1 |    13 |     6 |     5 ||    25
         Vitalisation      |       |       |     1 |     4 |     4 ||     9
         Imprison          |       |       |       |     1 |     3 ||     4
  Evoke: Wand              |       |       |       |     1 |       ||     1
    Use: Potion            |     1 |       |     1 |     6 |     5 ||    13
         Scroll            |       |     2 |     6 |    15 |     2 ||    25
   Stab: Confused          |       |       |       |     2 |     1 ||     3
         Invisible         |       |       |       |     6 |     2 ||     8
         Paralysed         |       |       |       |       |     3 ||     3
 Armour: Scale mail        |    44 |       |       |       |       ||    44
         Chain mail        |    10 |    35 |    43 |   364 |   106 ||   558
         Plate armour      |       |       |    70 |     9 |       ||    79
  Dodge: Dodged            |    35 |    15 |    42 |   112 |    31 ||   235
  Block: Buckler           |    13 |       |       |       |       ||    13
         Kite shield       |       |    19 |    76 |   218 |    73 ||   386
